 Dungeon Crawl Stone Soup version 0.28.0 (webtiles) character file.

Game seed: 8968565144547387365

1815 Sharkman1231 the Insei (level 8, -5/61 HPs)
             Began as a Demonspawn Transmuter on Feb 5, 2022.
             Slain by a meliai zombie (7 damage)
             ... on level 6 of the Dungeon.
             The game lasted 00:05:29 (5830 turns).

Sharkman1231 the Insei (Demonspawn Transmuter)      Turns: 5830, Time: 00:05:30

Health: -5/61      AC:  8    Str: 11    XL:     8   Next: 85%
Magic:  20/20      EV: 14    Int: 15    God:
Gold:   232        SH:  0    Dex: 17    Spells: 8/11 levels left

rFire   . . .      SeeInvis .   b - +1 whip (elec)
rCold   . . .      Faith    .   (no shield)
rNeg    . . .      Spirit   .   w - +0 steam dragon scales
rPois   .          Reflect  .   j - +1 helmet
rElec   .          Harm     .   (no cloak)
rCorr   .          Rampage  .   (no gloves)
Will    .....                   u - +0 pair of boots
Stlth   ++........              (no amulet)
HPRegen 0.20/turn               e - +4 ring of slaying
MPRegen 0.17/turn               r - ring of magical power

@: wereblooded
A: slimy green scales 2, demonic magic 1, weakness stinger 1, agile 1, deformed
body, wild magic 1
a: no special abilities


You were on level 6 of the Dungeon.
You visited 1 branch of the dungeon, and saw 6 of its levels.

You collected 232 gold pieces.

Inventory:

Hand Weapons
 b - a +1 whip of electrocution (weapon)
Armour
 j - a +1 helmet (worn)
 u - a +0 pair of boots (worn)
 w - +0 steam dragon scales (worn)
Jewellery
 e - a +4 ring of slaying (left hand)
 r - a ring of magical power (right hand)
Scrolls
 d - 2 scrolls of magic mapping {unknown}
 g - a scroll of acquirement {unknown}
 i - 3 scrolls of teleportation {unknown}
 o - 2 scrolls of enchant weapon {unknown}
 q - a scroll of enchant armour {unknown}
 s - a scroll of immolation {unknown}
 t - a scroll of vulnerability {unknown}
Potions
 a - a potion of resistance {unknown}
 f - a potion of magic
 h - a potion of invisibility {unknown}
 m - a potion of cancellation
 n - a potion of might {unknown}
 p - 2 potions of brilliance {unknown}
 v - 2 potions of degeneration {unknown}


   Skills:
 + Level 4.6 Fighting
 + Level 3.8 Maces & Flails
 + Level 4.5 Dodging
 * Level 6.7 Unarmed Combat
 - Level 2.0 Spellcasting
 + Level 4.5 Transmutations


You had 8 spell levels left.
You knew the following spells:

 Your Spells              Type           Power      Damage    Failure   Level
a - Beastly Appendage     Tmut           38%        N/A       6%          1
b - Wereblood             Tmut           19%        N/A       9%          2

Your spell library contained the following spells:

 Spells                   Type           Power      Damage    Failure   Level
 Summon Small Mammal      Summ           4%         N/A       30%         1
 Spider Form              Tmut/Pois      10%        N/A       34%         3
 Corpse Rot               Necr/Air       2%         N/A       41%         2
 Poisonous Vapours        Pois/Air       2%         N/A       41%         2
 Call Canine Familiar     Summ           1%         N/A       63%         3
 Confusing Touch          Hex            1%         N/A       63%         3
 Summon Guardian Golem    Hex/Summ       1%         N/A       63%         3
 Ice Form                 Ice/Tmut       10%        N/A       73%         4
 Yara's Violent Unravell  Hex/Tmut       5%         3d4       96%         5
 Enfeeble                 Hex            0%         N/A       100%        7


Dungeon Overview and Level Annotations

Branches:
Dungeon (6/15)
 Temple: D:4-7

Altars:
Ashenzari
Fedhas
Kikubaaqudgha
Qazlal
Zin

Shops:
D:5 [


Innate Abilities, Weirdness & Mutations

You are mostly covered in slimy green scales. (AC +3)
Spells you cast may paralyse adjacent enemies.
You have a small tail.
You are agile. (Dex +2)
Armour fits poorly on your strangely shaped body.
Your spells are a little harder to cast, but a little more powerful.


Message History

* * * LOW HITPOINT WARNING * * *
The gnoll misses you.
Unknown command.
You hit the meliai zombie. You claw the meliai zombie.
The meliai zombie is severely damaged.
The meliai zombie hits you.
* * * LOW HITPOINT WARNING * * *
The meliai zombie hits you.
* * * LOW HITPOINT WARNING * * *
The meliai zombie hits you!
* * * LOW HITPOINT WARNING * * *
The meliai zombie hits you.
* * * LOW HITPOINT WARNING * * *
The gnoll closely misses you.
You feel better. The meliai zombie hits you.
* * * LOW HITPOINT WARNING * * *
The meliai zombie hits you.
* * * LOW HITPOINT WARNING * * *
The gnoll barely misses you.
The meliai zombie closely misses you. x2
Unknown command.
Okay, then.
Unknown command.
Press: ? - help, v - describe, . - travel
Here: a meliai zombie (severely damaged)
The floor, spattered with blood.
Unknown command.
Your horns disappear.
Your talons disappear.
Your +1 helmet unmelds from your body.
Your +0 pair of boots unmelds from your body.
Unknown command.
It was a potion of magic.
Magic courses through your body.
The meliai zombie completely misses you.
The meliai zombie hits you but does no damage.
The meliai zombie misses you. The meliai zombie closely misses you.
The gnoll misses you.
It was a potion of mutation.
You feel extremely strange.
You feel agile.
Your body twists and deforms.
You feel less in control of your magic. The meliai zombie hits you!
You die...

#.# # #...†g..... #.#
#.#.#.#g#)#.. #.#######
#####.#.......... .........
................. ##########
#######n#.###.... ..........
.......g#.# ...
##################)#.. ..
....(.......######g#### .
######..........@Z....# #
#.##.....####.##..... #
#....#.#..# #.# #### #
######.....+# #.# #
#......#.#....#.# #... #
#.............#.# #... #
#................. .... #
#.................########....
#
#.............###......#<#..$.


You could see a gnoll and a meliai zombie.

Vanquished Creatures
  A wraith (D:6)
  Eustachio (D:6)
  A steam dragon (D:6)
  A water moccasin (D:3)
  An orc warrior (D:6)
  An ice beast (D:6)
  A necrophage (D:5)
  2 black bears
  An ogre (D:5)
  4 scorpions (D:5)
  2 hounds
  A jelly (D:5)
  2 orc priests (D:6)
  A bullfrog skeleton (D:6)
  3 iguanas
  An orc wizard (D:6)
  Robin (D:2)
  7 adders
  2 gnolls
  2 shadow imps (D:6)
  A white imp (D:5)
  An ufetubus (D:5)
  A worm (D:5)
  6 dart slugs
  8 orcs
  5 bats
  17 endoplasms
  2 giant cockroaches
  17 goblins
  10 hobgoblins
  2 jackals (D:1)
  4 quokkas
  4 ball pythons
  4 frilled lizards
  7 kobolds
  5 rats
130 creatures vanquished.

Notes
Turn   | Place    | Note
-------+----------+-------------------------------------------
     0 | D:1      | Sharkman1231 the Demonspawn Transmuter began the quest for
                  | the Orb.
     0 | D:1      | Reached XP level 1. HP: 15/15 MP: 3/3
   315 | D:1      | Reached skill level 3 in Unarmed Combat
   315 | D:1      | Gained mutation: Spells you cast may paralyse adjacent
                  | enemies. [demonic ancestry]
   315 | D:1      | Reached XP level 2. HP: 16/21 MP: 3/5
   433 | D:1      | HP: 1/21 [jackal (2)]
   444 | D:1      | HP: 1/21 [rat (1)]
   778 | D:1      | Reached XP level 3. HP: 26/26 MP: 4/6
  1440 | D:1      | Learned a level 2 spell: Wereblood
  1917 | D:2      | Noticed Robin
  1958 | D:2      | Killed Robin
  1959 | D:2      | Gained mutation: You are partially covered in slimy green
                  | scales. (AC +2) [demonic ancestry]
  1959 | D:2      | Reached XP level 4. HP: 33/33 MP: 4/7
  2114 | D:2      | Found a stormy altar of Qazlal.
  2599 | D:3      | Reached skill level 1 in Maces & Flails
  2599 | D:3      | Reached XP level 5. HP: 38/38 MP: 2/8
  3298 | D:3      | You fall into a shaft and drop 1 floor!
  3419 | D:3      | Noticed a water moccasin
  3426 | D:3      | Killed a water moccasin
  3427 | D:3      | Reached skill level 4 in Unarmed Combat
  3427 | D:3      | Gained mutation: You have a small tail. [demonic ancestry]
  3427 | D:3      | Reached XP level 6. HP: 40/46 MP: 5/9
  4209 | D:5      | Entered Level 5 of the Dungeon
  4345 | D:5      | Found Huol's Antique Armour Emporium.
  4578 | D:5      | Reached XP level 7. HP: 52/52 MP: 10/10
  4679 | D:5      | Found a blossoming altar of Fedhas.
  4736 | D:5      | Reached skill level 5 in Unarmed Combat
  4736 | D:5      | Found a broken altar of Ashenzari.
  4904 | D:5      | Found an ancient bone altar of Kikubaaqudgha.
  5223 | D:6      | Noticed a steam dragon
  5234 | D:6      | Killed a steam dragon
  5235 | D:6      | Gained mutation: You are mostly covered in slimy green
                  | scales. (AC +3) [demonic ancestry]
  5235 | D:6      | Reached XP level 8. HP: 50/60 MP: 11/11
  5308 | D:6      | Noticed Eustachio
  5314 | D:6      | Killed Eustachio
  5315 | D:6      | Reached skill level 6 in Unarmed Combat
  5826 | D:6      | HP: 1/61 [meliai zombie (4)]
  5830 | D:6      | Gained mutation: You are agile. (Dex +2) [potion of
                  | mutation]
  5830 | D:6      | Gained mutation: Armour fits poorly on your strangely
                  | shaped body. [potion of mutation]
  5830 | D:6      | Gained mutation: Your spells are a little harder to cast,
                  | but a little more powerful. [potion of mutation]
  5830 | D:6      | Slain by a meliai zombie

Illustrated notes

Levels and vault maps discovered:
D:1:      matt_arrival_los_fun, layout_loops_ring
D:2:      layout_basic, basic_altar, uniq_robin
D:3:      minmay_general_purpose_star, layout_loops_cross, fountainhead
D:4:      layout_rooms, nicolae_concentric_dashed_squares_wild
D:5:      layout_basic, general_overflow_altar, marbit_many_paths,
          mainiacjoe_overflow_two_lobes, nicolae_take_the_stairs
D:6:      layout_basic, minmay_temple_entry_proselytizer, serial_glass,
          glass_columns_b, glass_columns_a, glass_columns_c, glass_columns_b,
          glass_columns_a, glass_columns_c, glass_columns_a, glass_columns_b,
          due_unseen_surprise, feat_on_display, minmay_strange_pillars,
          item_on_display_a, uniq_eustachio

Skill      XL: |  1  2  3  4  5  6  7  8 |
---------------+-------------------------+-----
Dodging        | 2 3 4 |  4.5
Unarmed Combat | 3 4 5 6 |  6.7
Transmutations | 2 3 4 |  4.5
Fighting       | 2 3 4 |  4.6
Maces & Flails | 1 2 3 |  3.8
Spellcasting   | |  2.0

Action                   |  1- 3 |  4- 6 |  7- 9 || total
-------------------------+-------+-------+-------++-------
Melee: Unarmed           |    61 |       |       ||    61
       Kick              |    11 |     1 |    11 ||    23
       Punch             |     2 |     8 |     5 ||    15
       Headbutt          |     2 |       |     7 ||     9
       Whip              |    44 |   155 |   112 ||   311
       Tailslap          |       |     9 |    12 ||    21
 Cast: Beastly Appendage |     7 |     1 |     7 ||    15
       Wereblood         |     1 |     5 |     5 ||    11
  Use: Scroll            |       |     3 |       ||     3
       Potion            |       |       |     4 ||     4
 Stab: Sleeping          |     1 |       |       ||     1
       Paralysed         |     6 |       |     2 ||     8
Armor: Robe              |    17 |       |       ||    17
       Ring mail         |     2 |    43 |    15 ||    60
       Steam dragon scal |       |       |    24 ||    24
Dodge: Dodged            |    72 |    89 |    92 ||   253
